Los Angeles Kings vs Detroit Red Wings

Created - Thursday, March 5, 2026 at 07:34

Goals
1 2 3 T
Los Angeles Kings 1 0 1 2
Detroit Red Wings 1 1 1 3
Shots
1 2 3 T
Los Angeles Kings 7 8 11 26
Detroit Red Wings 11 21 10 42

1st period

1. Detroit Red Wings , Arthur Kaliyev 9 (Cole Sillinger 25, Cutter Gauthier 23) at 9:45
2. Los Angeles Kings , Andrei Kuzmenko 10 (Adam Fantilli 18, K'Andre Miller 14) at 9:59

Penalties :
Kris Letang (DET) for Holding (Minor) at 0:22, K'Andre Miller (LAK) for Roughing (Double Minor) at 13:41

2nd period

3. Detroit Red Wings , Cutter Gauthier 12 (Kris Letang 11) at 16:04 (PP)

Penalties :
Jakub Zboril (LAK) for High sticking (Minor) at 9:33, Jakub Zboril (LAK) for Holding (Minor) at 15:34, Dmitry Orlov (DET) for Interference (Minor) at 19:04

3rd period

4. Los Angeles Kings , Will Smith 10 (Logan Cooley 14, Evander Kane 8) at 4:59
5. Detroit Red Wings , Collin Graf 16 (Brad Lambert 2) at 7:10 (SH)

Penalties :
Kevin Stenlund (DET) for Tripping (Minor) at 6:37, Evander Kane (LAK) for Hooking (Minor) at 12:44

Goalie Stats

Carl Lindbom (LAK), 39 saves from 42 shots - (0.929), L, 2-2-0, 59:49 minutes
Sergei Bobrovsky (DET), 24 saves from 26 shots - (0.923), W, 15-11-2, 60:00 minutes

Players Stats for Los Angeles Kings

Player Name              G  A  P  +/- PIM S  H  SB GA TA FO     MP     PP MP  PK MP  
------------------------------------------------------------------------------------
Adam Fantilli            0  1  1   1  0   3  0  1  0  0  12/20  19:37   2:53   3:31 
Alexander Romanov        0  0  0   0  0   2  0  2  0  0  0/0    14:07   0:00   1:29 
Andrei Kuzmenko          1  0  1   1  0   3  0  0  0  0  0/0    17:21   2:53   1:09 
Andrei Svechnikov        0  0  0   1  0   4  5  0  0  0  0/1    19:14   2:53   3:28 
Charlie McAvoy           0  0  0   0  0   0  2  1  0  1  0/0    21:34   2:45   4:09 
Cooper Marody            0  0  0   0  0   1  0  0  0  0  0/0     6:58   0:00   0:03 
Evander Kane             0  1  1   1  2   0  6  0  1  0  6/16   14:00   0:00   0:00 
Jackson Blake            0  0  0  -1  0   1  1  0  2  1  0/0    11:15   0:00   0:00 
Jakub Zboril             0  0  0   0  4   0  0  0  0  0  0/0    14:06   0:00   1:27 
Jansen Harkins           0  0  0  -2  0   0  2  1  0  0  4/6    17:46   3:04   3:15 
Joseph Veleno            0  0  0  -1  0   0  1  0  0  1  1/4    11:36   3:04   1:31 
K'Andre Miller           0  1  1   0  4   1  0  4  1  0  0/0    23:28   3:12   1:57 
Logan Cooley             0  1  1   0  0   5  1  1  1  1  0/3    20:27   3:04   3:57 
MacKenzie Weegar         0  0  0   0  0   3  1  4  0  1  0/0    25:33   3:12   3:48 
Mikey Eyssimont          0  0  0   0  0   0  0  0  0  0  0/0     7:48   0:00   0:00 
Ryan Suter               0  0  0   0  0   1  4  2  0  0  0/0    21:29   2:45   4:04 
Vitali Kravtsov          0  0  0  -1  0   0  0  0  0  0  0/1    11:15   0:00   0:00 
Will Smith               1  0  1   1  0   2  0  0  0  1  0/0    13:55   0:00   0:00 

Players Stats for Detroit Red Wings

Player Name              G  A  P  +/- PIM S  H  SB GA TA FO     MP     PP MP  PK MP  
------------------------------------------------------------------------------------
Arthur Kaliyev           1  0  1   0  0   3  1  1  0  1  0/0    16:51   2:28   0:00 
Brad Lambert             0  1  1   1  0   0  1  0  0  0  2/3     9:34   1:36   0:53 
Christian Fischer        0  0  0   0  0   1  0  0  0  0  0/0     7:53   1:04   0:00 
Cole Sillinger           0  1  1   0  0   4  2  0  2  0  9/15   21:05   3:03   2:51 
Collin Graf              1  0  1   0  0   5  2  2  1  0  0/2    21:39   3:28   3:19 
Conor Timmins            0  0  0   1  0   0  1  3  0  0  0/0    14:47   0:19   2:37 
Cutter Gauthier          1  1  2  -1  0   7  2  0  2  1  10/19  18:14   3:25   0:00 
Dmitry Orlov             0  0  0   2  2   3  3  0  0  0  0/0    20:33   3:23   1:34 
Fraser Minten            0  0  0  -1  0   0  0  0  0  1  1/2    17:14   3:32   0:03 
Jackson LaCombe          0  0  0  -2  0   2  1  0  0  1  0/0    25:05   4:16   3:15 
Jamie Drysdale           0  0  0   0  0   4  0  3  0  0  0/0    19:06   0:48   0:24 
Kasperi Kapanen          0  0  0   0  0   1  1  0  0  0  0/0    10:15   0:47   0:00 
Kevin Stenlund           0  0  0   0  2   1  1  0  0  0  4/7    12:14   0:40   2:15 
Kris Letang              0  1  1  -1  2   3  2  0  0  0  0/0    22:21   4:01   2:05 
Shayne Gostisbehere      0  0  0   0  0   2  2  2  0  0  0/0    18:07   4:07   1:59 
Tanner Pearson           0  0  0   0  0   2  1  0  0  1  1/2    17:04   2:51   0:00 
Vasili Podkolzin         0  0  0   0  0   2  0  0  0  0  0/0    11:20   1:16   0:00 
Yakov Trenin             0  0  0   0  0   2  1  0  1  0  1/1    10:38   1:11   2:33 

3 Stars

1 - Cutter Gauthier (DET)
2 - Collin Graf (DET)
3 - Arthur Kaliyev (DET)

Power Play

Los Angeles Kings - 0 on 3 Attempt(s) - 0.00%
Detroit Red Wings - 1 on 5 Attempt(s) - 20.00%

Penalty Kill

Los Angeles Kings - 4 on 5 Attempt(s) - 80.00% - Score 0 goal in Penalty Kill
Detroit Red Wings - 3 on 3 Attempt(s) - 100.00% - Score 1 goal in Penalty Kill

Team Stat

Los Angeles Kings - Hits : 23 - Faceoff Wins : 23 - Blocked Shots : 16 - Penalty Minutes : 10
Detroit Red Wings - Hits : 21 - Faceoff Wins : 28 - Blocked Shots : 11 - Penalty Minutes : 6

Official

Referees : Cody Beach and Corey Syvret
Linesman : Brandon Gawryletz and Devin Berg

Game Notes

No Game Note

Finance

Level 1 -- Attendance: 5863 (97.72%) -- Ticket Income $556,985
Level 2 -- Attendance: 4652 (93.04%) -- Ticket Income $255,860
Level 3 -- Attendance: 2738 (91.27%) -- Ticket Income $82,140
Level 4 -- Attendance: 4758 (95.16%) -- Ticket Income $95,160
Luxury Box -- Attendance: 1000 (100.00%) -- Ticket Income $190,000
Game was played at the Joe Louis Arena.
Total Attendance: 19011 (95.06%)
Total Ticket Income: $1,180,145
Other Income: $413,051
Total Income: $1,593,196

Los Angeles Kings

5 vs 5 Forward 
   Center                   Left Wing                Right Wing               Time % Phy DF OF 
 1 Evander Kane             Will Smith               Logan Cooley             30     1   2  2  
 2 Adam Fantilli            Andrei Svechnikov        Andrei Kuzmenko          30     1   2  2  
 3 Jansen Harkins           Vitali Kravtsov          Jackson Blake            25     1   2  2  
 4 Joseph Veleno            Mikey Eyssimont          Cooper Marody            15     1   2  2  

5 vs 5 Defense 
   Defense                  Defense                                           Time % Phy DF OF 
 1 MacKenzie Weegar         K'Andre Miller                                    30     1   2  2  
 2 Charlie McAvoy           Ryan Suter                                        30     1   2  2  
 3 Alexander Romanov        Jakub Zboril                                      25     1   2  2  
 4 MacKenzie Weegar         K'Andre Miller                                    15     1   2  2  

PowerPlay Forward 
   Center                   Left Wing                Right Wing               Time % Phy DF OF 
 1 Joseph Veleno            Jansen Harkins           Logan Cooley             50     1   2  2  
 2 Adam Fantilli            Andrei Svechnikov        Andrei Kuzmenko          50     1   2  2  

PowerPlay Defense
   Defense                  Defense                                           Time % Phy DF OF 
 1 MacKenzie Weegar         K'Andre Miller                                    50     1   2  2  
 2 Charlie McAvoy           Ryan Suter                                        50     1   2  2  

Penalty Kill 4 Players Forward 
   Center                   Wing                     Time % Phy DF OF 
 1 Adam Fantilli            Jansen Harkins           50     1   2  2  
 2 Logan Cooley             Andrei Svechnikov        50     1   2  2  

Penalty Kill 4 Players Defense
   Defense                  Defense                  Time % Phy DF OF 
 1 MacKenzie Weegar         K'Andre Miller           50     1   2  2  
 2 Charlie McAvoy           Ryan Suter               50     1   2  2  

Penalty Kill - 3 Players Forward 
   Forward                                           Time % Phy DF OF 
 1 Logan Cooley                                      50     1   2  2  
 2 Andrei Svechnikov                                 50     1   2  2  

Penalty Kill - 3 Players Defense
   Defense                  Defense                  Time % Phy DF OF 
 1 MacKenzie Weegar         K'Andre Miller           50     1   2  2  
 2 Charlie McAvoy           Ryan Suter               50     1   2  2  

4 vs 4 Forward 
   Center                   Wing                     Time % Phy DF OF 
 1 Jansen Harkins           Adam Fantilli            50     1   2  2  
 2 Logan Cooley             Andrei Svechnikov        50     1   2  2  

4 vs 4 Defense
   Defense                  Defense                  Time % Phy DF OF 
 1 MacKenzie Weegar         K'Andre Miller           50     1   2  2  
 2 Charlie McAvoy           Ryan Suter               50     1   2  2  

Last Minutes Offensive
   Center                   Left Wing                Right Wing               Defense                  Defense                  
   Evander Kane             Will Smith               Logan Cooley             MacKenzie Weegar         K'Andre Miller           

Last Minutes Defensive
   Center                   Left Wing                Right Wing               Defense                  Defense                  
   Evander Kane             Will Smith               Logan Cooley             MacKenzie Weegar         K'Andre Miller           

Goaltenders
Starting : Carl Lindbom             
Backup : Spencer Knight           

Extra Forwards
Normal : Mikey Eyssimont, Jansen Harkins, Joseph Veleno - PP : Mikey Eyssimont, Jansen Harkins - PK : Joseph Veleno
Extra Defensemen
Normal : Alexander Romanov, Jakub Zboril, Charlie McAvoy - PP : Alexander Romanov - PK : Jakub Zboril, Charlie McAvoy
Penalty Shots
Joseph Veleno, Jansen Harkins, Logan Cooley, Andrei Svechnikov, Adam Fantilli

Scratches
Seth Jarvis (Healthy), Drew Helleson (Healthy), Victor Ostman (Healthy)

Detroit Red Wings

5 vs 5 Forward 
   Center                   Left Wing                Right Wing               Time % Phy DF OF 
 1 Cutter Gauthier          Fraser Minten            Collin Graf              35     1   1  3  
 2 Cole Sillinger           Tanner Pearson           Arthur Kaliyev           35     1   1  3  
 3 Kevin Stenlund           Kasperi Kapanen          Vasili Podkolzin         20     1   2  2  
 4 Brad Lambert             Yakov Trenin             Christian Fischer        10     2   2  1  

5 vs 5 Defense 
   Defense                  Defense                                           Time % Phy DF OF 
 1 Jackson LaCombe          Kris Letang                                       40     1   2  2  
 2 Dmitry Orlov             Jamie Drysdale                                    30     1   2  2  
 3 Conor Timmins            Shayne Gostisbehere                               20     2   2  1  
 4 Jamie Drysdale           Jackson LaCombe                                   10     1   2  2  

PowerPlay Forward 
   Center                   Left Wing                Right Wing               Time % Phy DF OF 
 1 Cutter Gauthier          Fraser Minten            Collin Graf              50     1   1  3  
 2 Cole Sillinger           Tanner Pearson           Arthur Kaliyev           50     0   1  3  

PowerPlay Defense
   Defense                  Defense                                           Time % Phy DF OF 
 1 Jackson LaCombe          Kris Letang                                       50     1   2  2  
 2 Dmitry Orlov             Shayne Gostisbehere                               50     1   2  2  

Penalty Kill 4 Players Forward 
   Center                   Wing                     Time % Phy DF OF 
 1 Kevin Stenlund           Collin Graf              50     2   2  1  
 2 Cole Sillinger           Yakov Trenin             50     2   2  1  

Penalty Kill 4 Players Defense
   Defense                  Defense                  Time % Phy DF OF 
 1 Jackson LaCombe          Kris Letang              50     1   2  2  
 2 Dmitry Orlov             Conor Timmins            50     1   2  2  

Penalty Kill - 3 Players Forward 
   Forward                                           Time % Phy DF OF 
 1 Kevin Stenlund                                    50     1   2  2  
 2 Cole Sillinger                                    50     1   2  2  

Penalty Kill - 3 Players Defense
   Defense                  Defense                  Time % Phy DF OF 
 1 Jackson LaCombe          Kris Letang              50     1   2  2  
 2 Dmitry Orlov             Conor Timmins            50     2   2  1  

4 vs 4 Forward 
   Center                   Wing                     Time % Phy DF OF 
 1 Cutter Gauthier          Collin Graf              60     1   2  2  
 2 Cole Sillinger           Fraser Minten            40     1   2  2  

4 vs 4 Defense
   Defense                  Defense                  Time % Phy DF OF 
 1 Jackson LaCombe          Kris Letang              60     1   2  2  
 2 Dmitry Orlov             Jamie Drysdale           40     1   2  2  

Last Minutes Offensive
   Center                   Left Wing                Right Wing               Defense                  Defense                  
   Cole Sillinger           Cutter Gauthier          Collin Graf              Jackson LaCombe          Kris Letang              

Last Minutes Defensive
   Center                   Left Wing                Right Wing               Defense                  Defense                  
   Cole Sillinger           Cutter Gauthier          Collin Graf              Jackson LaCombe          Kris Letang              

Goaltenders
Starting : Sergei Bobrovsky         
Backup : Laurent Brossoit         

Extra Forwards
Normal : Brad Lambert, Yakov Trenin, Tanner Pearson - PP : Brad Lambert, Yakov Trenin - PK : Brad Lambert
Extra Defensemen
Normal : Shayne Gostisbehere, Jamie Drysdale, Jackson LaCombe - PP : Shayne Gostisbehere - PK : Shayne Gostisbehere, Jamie Drysdale
Penalty Shots
Cutter Gauthier, Collin Graf, Cole Sillinger, Yakov Trenin, Brad Lambert

Scratches
Jayden Struble (Healthy), Zachary L'Heureux (Healthy), Nate Danielson (Left Hip Injury), Vitek Vanecek (Healthy)

% Time on Ice - Los Angeles Kings

Lines # - Real PCT - Wanted PCT - Time Play
Normal Forward
1 - 30% - 30% - 13:08
2 - 29% - 30% - 13:05
3 - 25% - 25% - 11:15
4 - 16% - 15% - 6:55
Normal Defense
1 - 30% - 30% - 13:08
2 - 33% - 30% - 14:40
3 - 28% - 25% - 12:23
4 - 9% - 15% - 4:12
PP Forward
1 - 52% - 50% - 3:04
2 - 48% - 50% - 2:53
PP Defense
1 - 54% - 50% - 3:12
2 - 46% - 50% - 2:45
PK Forward
1 - 49% - 50% - 4:07
2 - 51% - 50% - 4:20
PK Defense
1 - 59% - 50% - 4:58
2 - 41% - 50% - 3:29
PK3 Forward
1 - 0% - 50%
2 - 0% - 50%
PK3 Defense
1 - 0% - 50%
2 - 0% - 50%
44 Forward
1 - 0% - 50%
2 - 0% - 50%
44 Defense
1 - 0% - 50%
2 - 0% - 50%
Last Minute Offensive  - 1:13
Last Minute Defensive  - 0:00
Total
Forward - 60:00
Defense - 60:00

% Time on Ice - Detroit Red Wings

Lines # - Real PCT - Wanted PCT - Time Play
Normal Forward
1 - 31% - 35% - 13:40
2 - 34% - 35% - 15:15
3 - 21% - 20% - 9:17
4 - 14% - 10% - 6:12
Normal Defense
1 - 38% - 40% - 16:59
2 - 33% - 30% - 14:45
3 - 26% - 20% - 11:22
4 - 3% - 10% - 1:18
PP Forward
1 - 58% - 50% - 4:56
2 - 42% - 50% - 3:31
PP Defense
1 - 51% - 50% - 4:20
2 - 49% - 50% - 4:07
PK Forward
1 - 56% - 50% - 3:19
2 - 44% - 50% - 2:38
PK Defense
1 - 56% - 50% - 3:20
2 - 44% - 50% - 2:37
PK3 Forward
1 - 0% - 50%
2 - 0% - 50%
PK3 Defense
1 - 0% - 50%
2 - 0% - 50%
44 Forward
1 - 0% - 60%
2 - 0% - 40%
44 Defense
1 - 0% - 60%
2 - 0% - 40%
Last Minute Offensive  - 0:00
Last Minute Defensive  - 1:12
Total
Forward - 60:00
Defense - 60:00

Play-by-Play

1st period


0:01 of 1st period - Evander Kane wins face-off versus Cutter Gauthier in neutral zone.
0:22 of 1st period - Minor Penalty to Kris Letang for Holding.
0:23 of 1st period - Kevin Stenlund wins face-off versus Joseph Veleno in Detroit Red Wings zone.
2:22 of 1st period - Penalty to Kris Letang is over, Kris Letang is back on ice.
2:28 of 1st period - Brad Lambert is hit by Jackson Blake and loses puck.
2:33 of 1st period - Snap shot by Jackson Blake.
2:33 of 1st period - Shot Blocked by Jamie Drysdale.
2:35 of 1st period - Slapshot by Alexander Romanov.
2:35 of 1st period - Deflect By Shayne Gostisbehere.
2:35 of 1st period - Stopped by Sergei Bobrovsky with a rebound.
2:37 of 1st period - Slapshot by Alexander Romanov.
2:37 of 1st period - Shot Misses the Net.
3:04 of 1st period - Off-side.
3:05 of 1st period - Fraser Minten wins face-off versus Vitali Kravtsov in neutral zone.
3:10 of 1st period - Snap shot by Cutter Gauthier.
3:10 of 1st period - Shot Blocked by K'Andre Miller.
3:12 of 1st period - Slapshot by Jackson LaCombe.
3:12 of 1st period - Shot Blocked by K'Andre Miller.
3:14 of 1st period - Snap shot by Cutter Gauthier.
3:14 of 1st period - Shot Misses the Net.
7:35 of 1st period - Snap shot by Tanner Pearson.
7:35 of 1st period - Shot Misses the Net.
7:37 of 1st period - Snap shot by Dmitry Orlov.
7:37 of 1st period - Shot Blocked by MacKenzie Weegar.
7:53 of 1st period - Wrist shot by Yakov Trenin.
7:53 of 1st period - Stopped by Carl Lindbom without a rebound.
7:54 of 1st period - Jansen Harkins wins face-off versus Brad Lambert in Los Angeles Kings zone.
8:44 of 1st period - Joseph Veleno is hit by Dmitry Orlov and loses puck.
8:49 of 1st period - Slapshot by Kevin Stenlund.
8:49 of 1st period - Shot Misses the Net.
9:07 of 1st period - Snap shot by Andrei Kuzmenko.
9:07 of 1st period - Stopped by Sergei Bobrovsky without a rebound.
9:08 of 1st period - Adam Fantilli wins face-off versus Cutter Gauthier in Detroit Red Wings zone.
9:09 of 1st period - Snap shot by Andrei Kuzmenko.
9:09 of 1st period - Shot Blocked by Collin Graf.
9:11 of 1st period - Wrist shot by K'Andre Miller.
9:11 of 1st period - Shot Misses the Net.
9:13 of 1st period - Snap shot by Andrei Svechnikov.
9:13 of 1st period - Stopped by Sergei Bobrovsky without a rebound.
9:14 of 1st period - Cutter Gauthier wins face-off versus Adam Fantilli in Detroit Red Wings zone.
9:27 of 1st period - Slapshot by Andrei Kuzmenko.
9:27 of 1st period - Shot Blocked by Collin Graf.
9:29 of 1st period - Slapshot by K'Andre Miller.
9:29 of 1st period - Shot Blocked by Jamie Drysdale.
9:39 of 1st period - Snap shot by Cole Sillinger.
9:39 of 1st period - Shot Blocked by K'Andre Miller.
9:45 of 1st period - Snap shot by Arthur Kaliyev.
9:45 of 1st period - Goal by Arthur Kaliyev - Los Angeles Kings : 0 - Detroit Red Wings : 1.
9:46 of 1st period - Cole Sillinger wins face-off versus Adam Fantilli in neutral zone.
9:59 of 1st period - Wrist shot by Andrei Kuzmenko.
9:59 of 1st period - Goal by Andrei Kuzmenko - Los Angeles Kings : 1 - Detroit Red Wings : 1.
10:00 of 1st period - Cole Sillinger wins face-off versus Evander Kane in neutral zone.
10:12 of 1st period - Will Smith is hit by Tanner Pearson.
10:52 of 1st period - Wrist shot by Jackson Blake.
10:52 of 1st period - Stopped by Sergei Bobrovsky without a rebound.
10:53 of 1st period - Kevin Stenlund wins face-off versus Evander Kane in Detroit Red Wings zone.
10:58 of 1st period - Snap shot by Kasperi Kapanen.
10:58 of 1st period - Stopped by Carl Lindbom with a rebound.
11:06 of 1st period - Vasili Podkolzin is hit by Evander Kane and loses puck.
11:16 of 1st period - Icing by Kevin Stenlund.
11:17 of 1st period - Jansen Harkins wins face-off versus Cole Sillinger in Detroit Red Wings zone.
11:51 of 1st period - Logan Cooley is hit by Arthur Kaliyev and loses puck.
11:58 of 1st period - Snap shot by Tanner Pearson.
11:58 of 1st period - Shot Misses the Net.
12:06 of 1st period - Andrei Kuzmenko is hit by Dmitry Orlov and loses puck.
12:25 of 1st period - Slapshot by Tanner Pearson.
12:25 of 1st period - Shot Blocked by Ryan Suter.
12:27 of 1st period - Snap shot by Cole Sillinger.
12:27 of 1st period - Stopped by Carl Lindbom with a rebound.
12:29 of 1st period - Slapshot by Jamie Drysdale.
12:29 of 1st period - Deflect By Ryan Suter.
12:29 of 1st period - Stopped by Carl Lindbom with a rebound.
12:31 of 1st period - Slapshot by Jamie Drysdale.
12:31 of 1st period - Stopped by Carl Lindbom with a rebound.
12:33 of 1st period - Wrist shot by Cole Sillinger.
12:33 of 1st period - Shot Misses the Net.
12:35 of 1st period - Snap shot by Arthur Kaliyev.
12:35 of 1st period - Stopped by Carl Lindbom with a rebound.
13:41 of 1st period - Double Minor Penalty to K'Andre Miller for Roughing.
13:42 of 1st period - Adam Fantilli wins face-off versus Cutter Gauthier in Los Angeles Kings zone.
13:50 of 1st period - Snap shot by Adam Fantilli.
13:50 of 1st period - Shot Misses the Net.
15:50 of 1st period - Snap shot by Kevin Stenlund.
15:50 of 1st period - Stopped by Carl Lindbom with a rebound.
16:08 of 1st period - Andrei Svechnikov is hit by Collin Graf.
16:30 of 1st period - Alexander Romanov is hit by Cole Sillinger and loses puck.
17:34 of 1st period - Icing by Brad Lambert.
17:35 of 1st period - Cole Sillinger wins face-off versus Adam Fantilli in Detroit Red Wings zone.
17:41 of 1st period - Penalty to K'Andre Miller is over, K'Andre Miller is back on ice.
17:50 of 1st period - Slapshot by Adam Fantilli.
17:50 of 1st period - Shot Misses the Net.
18:26 of 1st period - Icing by Logan Cooley.
18:27 of 1st period - Cutter Gauthier wins face-off versus Evander Kane in Los Angeles Kings zone.
18:30 of 1st period - Slapshot by Collin Graf.
18:30 of 1st period - Shot Blocked by MacKenzie Weegar.
18:32 of 1st period - Wrist shot by Cutter Gauthier.
18:32 of 1st period - Stopped by Carl Lindbom without a rebound.
18:33 of 1st period - Adam Fantilli wins face-off versus Fraser Minten in Los Angeles Kings zone.
18:40 of 1st period - Slapshot by Adam Fantilli.
18:40 of 1st period - Stopped by Sergei Bobrovsky without a rebound.
18:41 of 1st period - Cutter Gauthier wins face-off versus Adam Fantilli in Detroit Red Wings zone.
18:48 of 1st period - Snap shot by Collin Graf.
18:48 of 1st period - Stopped by Carl Lindbom without a rebound.
18:49 of 1st period - Adam Fantilli wins face-off versus Cutter Gauthier in Los Angeles Kings zone.
18:56 of 1st period - Slapshot by MacKenzie Weegar.
18:56 of 1st period - Stopped by Sergei Bobrovsky with a rebound.
19:37 of 1st period - Slapshot by Kevin Stenlund.
19:37 of 1st period - Shot Blocked by MacKenzie Weegar.
19:39 of 1st period - Slapshot by Vasili Podkolzin.
19:39 of 1st period - Shot Misses the Net.
19:41 of 1st period - Wrist shot by Vasili Podkolzin.
19:41 of 1st period - Stopped by Carl Lindbom with a rebound.
19:43 of 1st period - Snap shot by Jamie Drysdale.
19:43 of 1st period - Shot Misses the Net.
Goals for this period are 1 for Los Angeles Kings vs 1 for Detroit Red Wings.
Shots for this period are 7 for Los Angeles Kings vs 11 for Detroit Red Wings.

2nd period


0:01 of 2nd period - Adam Fantilli wins face-off versus Cutter Gauthier in neutral zone.
0:10 of 2nd period - Wrist shot by Collin Graf.
0:10 of 2nd period - Deflect By Andrei Kuzmenko.
0:10 of 2nd period - Stopped by Carl Lindbom without a rebound.
0:11 of 2nd period - Evander Kane wins face-off versus Collin Graf in Los Angeles Kings zone.
0:45 of 2nd period - Slapshot by Tanner Pearson.
0:45 of 2nd period - Stopped by Carl Lindbom without a rebound.
0:46 of 2nd period - Adam Fantilli wins face-off versus Cutter Gauthier in Los Angeles Kings zone.
1:39 of 2nd period - Snap shot by Cole Sillinger.
1:39 of 2nd period - Stopped by Carl Lindbom without a rebound.
1:40 of 2nd period - Adam Fantilli wins face-off versus Cole Sillinger in Los Angeles Kings zone.
1:47 of 2nd period - Wrist shot by Tanner Pearson.
1:47 of 2nd period - Deflect By Arthur Kaliyev.
1:47 of 2nd period - Shot Blocked by Adam Fantilli.
1:47 of 2nd period - Puck is out of play.
1:48 of 2nd period - Adam Fantilli wins face-off versus Cole Sillinger in Los Angeles Kings zone.
1:53 of 2nd period - Arthur Kaliyev is hit by Ryan Suter and loses puck.
2:00 of 2nd period - Slapshot by Jackson LaCombe.
2:00 of 2nd period - Shot Misses the Net.
2:02 of 2nd period - Wrist shot by Cole Sillinger.
2:02 of 2nd period - Shot Misses the Net.
2:04 of 2nd period - Wrist shot by Kris Letang.
2:04 of 2nd period - Stopped by Carl Lindbom without a rebound.
2:05 of 2nd period - Jansen Harkins wins face-off versus Collin Graf in Los Angeles Kings zone.
2:05 of 2nd period - Jansen Harkins is hit by Cutter Gauthier.
2:31 of 2nd period - Kris Letang is hit by Evander Kane and loses puck.
2:36 of 2nd period - Wrist shot by Logan Cooley.
2:36 of 2nd period - Deflect By Kris Letang.
2:36 of 2nd period - Stopped by Sergei Bobrovsky with a rebound.
3:10 of 2nd period - Alexander Romanov is hit by Yakov Trenin and loses puck.
4:17 of 2nd period - Backhand shot by Andrei Kuzmenko.
4:17 of 2nd period - Stopped by Sergei Bobrovsky with a rebound.
4:19 of 2nd period - Wrist shot by MacKenzie Weegar.
4:19 of 2nd period - Stopped by Sergei Bobrovsky with a rebound.
4:21 of 2nd period - Slapshot by MacKenzie Weegar.
4:21 of 2nd period - Shot Blocked by Conor Timmins.
4:23 of 2nd period - Slapshot by MacKenzie Weegar.
4:23 of 2nd period - Shot Misses the Net.
4:33 of 2nd period - Arthur Kaliyev is hit by Joseph Veleno and loses puck.
4:50 of 2nd period - Snap shot by Cole Sillinger.
4:50 of 2nd period - Stopped by Carl Lindbom without a rebound.
4:51 of 2nd period - Evander Kane wins face-off versus Cutter Gauthier in Los Angeles Kings zone.
5:04 of 2nd period - Wrist shot by Cutter Gauthier.
5:04 of 2nd period - Stopped by Carl Lindbom with a rebound.
5:06 of 2nd period - Backhand shot by Kris Letang.
5:06 of 2nd period - Shot Misses the Net.
5:16 of 2nd period - Alexander Romanov is hit by Kris Letang and loses puck.
5:35 of 2nd period - Slapshot by Kris Letang.
5:35 of 2nd period - Stopped by Carl Lindbom with a rebound.
5:43 of 2nd period - Christian Fischer is hit by Charlie McAvoy and loses puck.
6:41 of 2nd period - Off-side.
6:42 of 2nd period - Jansen Harkins wins face-off versus Kevin Stenlund in neutral zone.
6:53 of 2nd period - Jackson Blake is hit by Kasperi Kapanen and loses puck.
7:13 of 2nd period - Slapshot by Cutter Gauthier.
7:13 of 2nd period - Shot Misses the Net.
7:29 of 2nd period - Snap shot by Logan Cooley.
7:29 of 2nd period - Stopped by Sergei Bobrovsky with a rebound.
7:31 of 2nd period - Slapshot by Logan Cooley.
7:31 of 2nd period - Stopped by Sergei Bobrovsky without a rebound.
7:32 of 2nd period - Tanner Pearson wins face-off versus Evander Kane in Detroit Red Wings zone.
7:57 of 2nd period - Conor Timmins is hit by Jansen Harkins.
8:09 of 2nd period - Slapshot by Cutter Gauthier.
8:09 of 2nd period - Stopped by Carl Lindbom with a rebound.
8:19 of 2nd period - Wrist shot by Vasili Podkolzin.
8:19 of 2nd period - Shot Misses the Net.
8:21 of 2nd period - Slapshot by Jamie Drysdale.
8:21 of 2nd period - Stopped by Carl Lindbom without a rebound.
8:22 of 2nd period - Adam Fantilli wins face-off versus Kevin Stenlund in Los Angeles Kings zone.
8:40 of 2nd period - Andrei Kuzmenko is hit by Dmitry Orlov and loses puck.
9:20 of 2nd period - Slapshot by Andrei Svechnikov.
9:20 of 2nd period - Stopped by Sergei Bobrovsky without a rebound.
9:21 of 2nd period - Cutter Gauthier wins face-off versus Evander Kane in Detroit Red Wings zone.
9:21 of 2nd period - Cutter Gauthier is hit by Evander Kane.
9:31 of 2nd period - Slapshot by Collin Graf.
9:31 of 2nd period - Stopped by Carl Lindbom with a rebound.
9:33 of 2nd period - Minor Penalty to Jakub Zboril for High sticking.
9:34 of 2nd period - Cole Sillinger wins face-off versus Logan Cooley in Los Angeles Kings zone.
10:59 of 2nd period - Tanner Pearson is hit by Logan Cooley and loses puck.
11:26 of 2nd period - Charlie McAvoy is hit by Cole Sillinger and loses puck.
11:33 of 2nd period - Penalty to Jakub Zboril is over, Jakub Zboril is back on ice.
11:34 of 2nd period - Icing by Ryan Suter.
11:35 of 2nd period - Cutter Gauthier wins face-off versus Adam Fantilli in Los Angeles Kings zone.
11:38 of 2nd period - Slapshot by Collin Graf.
11:38 of 2nd period - Stopped by Carl Lindbom with a rebound.
11:40 of 2nd period - Snap shot by Kasperi Kapanen.
11:40 of 2nd period - Shot Misses the Net.
11:46 of 2nd period - Snap shot by Vasili Podkolzin.
11:46 of 2nd period - Stopped by Carl Lindbom with a rebound.
11:48 of 2nd period - Slapshot by Dmitry Orlov.
11:48 of 2nd period - Stopped by Carl Lindbom with a rebound.
11:50 of 2nd period - Backhand shot by Shayne Gostisbehere.
11:50 of 2nd period - Stopped by Carl Lindbom without a rebound.
11:51 of 2nd period - Brad Lambert wins face-off versus Joseph Veleno in Los Angeles Kings zone.
13:25 of 2nd period - Snap shot by Yakov Trenin.
13:25 of 2nd period - Shot Blocked by Ryan Suter.
13:31 of 2nd period - Brad Lambert is hit by Charlie McAvoy and loses puck.
14:07 of 2nd period - Snap shot by Cole Sillinger.
14:07 of 2nd period - Stopped by Carl Lindbom with a rebound.
14:09 of 2nd period - Slapshot by Kris Letang.
14:09 of 2nd period - Stopped by Carl Lindbom with a rebound.
14:11 of 2nd period - Slapshot by Jackson LaCombe.
14:11 of 2nd period - Stopped by Carl Lindbom without a rebound.
14:12 of 2nd period - Cole Sillinger wins face-off versus Adam Fantilli in Los Angeles Kings zone.
15:34 of 2nd period - Minor Penalty to Jakub Zboril for Holding.
15:35 of 2nd period - Cole Sillinger wins face-off versus Logan Cooley in Los Angeles Kings zone.
16:00 of 2nd period - Wrist shot by Cutter Gauthier.
16:00 of 2nd period - Shot Blocked by Charlie McAvoy.
16:02 of 2nd period - Wrist shot by Cutter Gauthier.
16:02 of 2nd period - Shot Misses the Net.
16:04 of 2nd period - Snap shot by Cutter Gauthier.
16:04 of 2nd period - Deflect By Logan Cooley.
16:04 of 2nd period - Goal by Cutter Gauthier - Los Angeles Kings : 1 - Detroit Red Wings : 2.
16:05 of 2nd period - Cutter Gauthier wins face-off versus Logan Cooley in neutral zone.
16:16 of 2nd period - MacKenzie Weegar is hit by Cutter Gauthier and loses puck.
16:36 of 2nd period - Snap shot by Tanner Pearson.
16:36 of 2nd period - Stopped by Carl Lindbom with a rebound.
16:38 of 2nd period - Slapshot by Jackson LaCombe.
16:38 of 2nd period - Stopped by Carl Lindbom with a rebound.
16:54 of 2nd period - Snap shot by Yakov Trenin.
16:54 of 2nd period - Stopped by Carl Lindbom with a rebound.
16:56 of 2nd period - Wrist shot by Christian Fischer.
16:56 of 2nd period - Shot Misses the Net.
17:32 of 2nd period - Joseph Veleno is hit by Conor Timmins and loses puck.
17:45 of 2nd period - Slapshot by Charlie McAvoy.
17:45 of 2nd period - Shot Blocked by Conor Timmins.
18:03 of 2nd period - Snap shot by Will Smith.
18:03 of 2nd period - Shot Misses the Net.
18:05 of 2nd period - Slapshot by K'Andre Miller.
18:05 of 2nd period - Deflect By Will Smith.
18:05 of 2nd period - Stopped by Sergei Bobrovsky without a rebound.
18:06 of 2nd period - Cutter Gauthier wins face-off versus Evander Kane in Detroit Red Wings zone.
18:33 of 2nd period - Cole Sillinger is hit by Andrei Svechnikov and loses puck.
19:01 of 2nd period - Icing by Alexander Romanov.
19:02 of 2nd period - Cutter Gauthier wins face-off versus Jansen Harkins in Los Angeles Kings zone.
19:04 of 2nd period - Minor Penalty to Dmitry Orlov for Interference.
19:05 of 2nd period - Adam Fantilli wins face-off versus Kevin Stenlund in Detroit Red Wings zone.
19:05 of 2nd period - Wrist shot by Andrei Svechnikov.
19:05 of 2nd period - Shot Blocked by Shayne Gostisbehere.
19:15 of 2nd period - Snap shot by Adam Fantilli.
19:15 of 2nd period - Stopped by Sergei Bobrovsky with a rebound.
19:17 of 2nd period - Wrist shot by Andrei Svechnikov.
19:17 of 2nd period - Shot Blocked by Shayne Gostisbehere.
19:19 of 2nd period - Snap shot by Andrei Kuzmenko.
19:19 of 2nd period - Shot Misses the Net.
19:21 of 2nd period - Wrist shot by Andrei Kuzmenko.
19:21 of 2nd period - Shot Blocked by Conor Timmins.
19:31 of 2nd period - Conor Timmins is hit by Ryan Suter and loses puck.
19:50 of 2nd period - Shayne Gostisbehere is hit by Andrei Svechnikov and loses puck.
Goals for this period are 0 for Los Angeles Kings vs 1 for Detroit Red Wings.
Shots for this period are 8 for Los Angeles Kings vs 21 for Detroit Red Wings.

3rd period


0:01 of 3rd period - Joseph Veleno wins face-off versus Cole Sillinger in neutral zone.
0:16 of 3rd period - Wrist shot by Logan Cooley.
0:16 of 3rd period - Stopped by Sergei Bobrovsky without a rebound.
0:17 of 3rd period - Kevin Stenlund wins face-off versus Andrei Svechnikov in Detroit Red Wings zone.
0:17 of 3rd period - Kevin Stenlund is hit by Andrei Svechnikov.
0:31 of 3rd period - Slapshot by Adam Fantilli.
0:31 of 3rd period - Stopped by Sergei Bobrovsky with a rebound.
0:33 of 3rd period - Slapshot by K'Andre Miller.
0:33 of 3rd period - Shot Misses the Net.
0:54 of 3rd period - Off-side.
0:55 of 3rd period - Adam Fantilli wins face-off versus Cole Sillinger in neutral zone.
0:58 of 3rd period - Cole Sillinger is hit by Ryan Suter and loses puck.
1:04 of 3rd period - Penalty to Dmitry Orlov is over, Dmitry Orlov is back on ice.
1:21 of 3rd period - Cutter Gauthier is hit by Ryan Suter and loses puck.
1:36 of 3rd period - Snap shot by Tanner Pearson.
1:36 of 3rd period - Deflect By Arthur Kaliyev.
1:36 of 3rd period - Stopped by Carl Lindbom with a rebound.
2:40 of 3rd period - Slapshot by Dmitry Orlov.
2:40 of 3rd period - Shot Blocked by Alexander Romanov.
3:08 of 3rd period - Off-side.
3:09 of 3rd period - Evander Kane wins face-off versus Cutter Gauthier in neutral zone.
3:39 of 3rd period - Wrist shot by Andrei Svechnikov.
3:39 of 3rd period - Shot Blocked by Arthur Kaliyev.
3:53 of 3rd period - Snap shot by Yakov Trenin.
3:53 of 3rd period - Shot Blocked by MacKenzie Weegar.
3:55 of 3rd period - Snap shot by Christian Fischer.
3:55 of 3rd period - Stopped by Carl Lindbom with a rebound.
3:57 of 3rd period - Slapshot by Shayne Gostisbehere.
3:57 of 3rd period - Stopped by Carl Lindbom without a rebound.
3:58 of 3rd period - Brad Lambert wins face-off versus Evander Kane in Los Angeles Kings zone.
4:31 of 3rd period - Slapshot by Charlie McAvoy.
4:31 of 3rd period - Shot Misses the Net.
4:45 of 3rd period - Snap shot by Andrei Svechnikov.
4:45 of 3rd period - Shot Misses the Net.
4:47 of 3rd period - Slapshot by Alexander Romanov.
4:47 of 3rd period - Deflect By Andrei Svechnikov.
4:47 of 3rd period - Stopped by Sergei Bobrovsky with a rebound.
4:49 of 3rd period - Slapshot by Alexander Romanov.
4:49 of 3rd period - Shot Blocked by Jamie Drysdale.
4:51 of 3rd period - Backhand shot by Alexander Romanov.
4:51 of 3rd period - Stopped by Sergei Bobrovsky without a rebound.
4:52 of 3rd period - Evander Kane wins face-off versus Cutter Gauthier in Detroit Red Wings zone.
4:57 of 3rd period - Snap shot by Logan Cooley.
4:57 of 3rd period - Stopped by Sergei Bobrovsky with a rebound.
4:59 of 3rd period - Snap shot by Will Smith.
4:59 of 3rd period - Goal by Will Smith - Los Angeles Kings : 2 - Detroit Red Wings : 2.
5:00 of 3rd period - Cutter Gauthier wins face-off versus Evander Kane in neutral zone.
5:11 of 3rd period - Snap shot by MacKenzie Weegar.
5:11 of 3rd period - Deflect By Cutter Gauthier.
5:11 of 3rd period - Stopped by Sergei Bobrovsky with a rebound.
5:25 of 3rd period - K'Andre Miller is hit by Kris Letang and loses puck.
5:48 of 3rd period - Slapshot by Jackson Blake.
5:48 of 3rd period - Shot Misses the Net.
5:50 of 3rd period - Slapshot by Ryan Suter.
5:50 of 3rd period - Stopped by Sergei Bobrovsky without a rebound.
5:51 of 3rd period - Cutter Gauthier wins face-off versus Jansen Harkins in Detroit Red Wings zone.
6:37 of 3rd period - Minor Penalty to Kevin Stenlund for Tripping.
6:38 of 3rd period - Yakov Trenin wins face-off versus Adam Fantilli in Detroit Red Wings zone.
6:46 of 3rd period - Yakov Trenin is hit by MacKenzie Weegar and loses puck.
6:53 of 3rd period - Snap shot by Andrei Svechnikov.
6:53 of 3rd period - Stopped by Sergei Bobrovsky with a rebound.
7:03 of 3rd period - MacKenzie Weegar is hit by Collin Graf and loses puck.
7:08 of 3rd period - Wrist shot by Collin Graf.
7:08 of 3rd period - Shot Blocked by Jansen Harkins.
7:10 of 3rd period - Wrist shot by Collin Graf.
7:10 of 3rd period - Goal by Collin Graf - Los Angeles Kings : 2 - Detroit Red Wings : 3.
7:11 of 3rd period - Cole Sillinger wins face-off versus Joseph Veleno in neutral zone.
8:07 of 3rd period - Brad Lambert is hit by Andrei Svechnikov.
8:37 of 3rd period - Penalty to Kevin Stenlund is over, Kevin Stenlund is back on ice.
8:43 of 3rd period - Snap shot by Kasperi Kapanen.
8:43 of 3rd period - Shot Misses the Net.
9:25 of 3rd period - Arthur Kaliyev is hit by Evander Kane and loses puck.
9:50 of 3rd period - Kasperi Kapanen is hit by Andrei Svechnikov.
10:18 of 3rd period - Kris Letang is hit by Evander Kane and loses puck.
10:33 of 3rd period - Jamie Drysdale is hit by Jansen Harkins and loses puck.
10:41 of 3rd period - Icing by Jamie Drysdale.
10:42 of 3rd period - Kevin Stenlund wins face-off versus Adam Fantilli in Detroit Red Wings zone.
10:55 of 3rd period - K'Andre Miller is hit by Kevin Stenlund and loses puck.
11:18 of 3rd period - Cutter Gauthier is hit by Evander Kane and loses puck.
11:41 of 3rd period - Slapshot by MacKenzie Weegar.
11:41 of 3rd period - Shot Misses the Net.
11:43 of 3rd period - Slapshot by MacKenzie Weegar.
11:43 of 3rd period - Shot Misses the Net.
12:44 of 3rd period - Minor Penalty to Evander Kane for Hooking.
12:45 of 3rd period - Adam Fantilli wins face-off versus Cole Sillinger in Los Angeles Kings zone.
14:19 of 3rd period - Ryan Suter is hit by Shayne Gostisbehere.
14:44 of 3rd period - Penalty to Evander Kane is over, Evander Kane is back on ice.
14:54 of 3rd period - Alexander Romanov is hit by Jackson LaCombe and loses puck.
17:05 of 3rd period - Jackson Blake is hit by Brad Lambert and loses puck.
17:21 of 3rd period - Snap shot by Joseph Veleno.
17:21 of 3rd period - Shot Misses the Net.
17:23 of 3rd period - Slapshot by K'Andre Miller.
17:23 of 3rd period - Stopped by Sergei Bobrovsky with a rebound.
17:25 of 3rd period - Snap shot by Cooper Marody.
17:25 of 3rd period - Shot Misses the Net.
17:27 of 3rd period - Snap shot by Cooper Marody.
17:27 of 3rd period - Stopped by Sergei Bobrovsky without a rebound.
17:28 of 3rd period - Evander Kane wins face-off versus Tanner Pearson in Detroit Red Wings zone.
18:16 of 3rd period - Jansen Harkins is hit by Shayne Gostisbehere and loses puck.
18:29 of 3rd period - Wrist shot by Tanner Pearson.
18:29 of 3rd period - Shot Blocked by Alexander Romanov.
18:57 of 3rd period - Snap shot by Cutter Gauthier.
18:57 of 3rd period - Stopped by Carl Lindbom with a rebound.
19:05 of 3rd period - Snap shot by Cutter Gauthier.
19:05 of 3rd period - Shot Misses the Net.
19:07 of 3rd period - Wrist shot by Cole Sillinger.
19:07 of 3rd period - Shot Blocked by Logan Cooley.
19:09 of 3rd period - Slapshot by Jamie Drysdale.
19:09 of 3rd period - Deflect By Cutter Gauthier.
19:09 of 3rd period - Stopped by Carl Lindbom with a rebound.
19:11 of 3rd period - Slapshot by Jamie Drysdale.
19:11 of 3rd period - Stopped by Carl Lindbom with a rebound.
19:13 of 3rd period - Snap shot by Cole Sillinger.
19:13 of 3rd period - Shot Blocked by K'Andre Miller.
19:15 of 3rd period - Slapshot by Dmitry Orlov.
19:15 of 3rd period - Stopped by Carl Lindbom with a rebound.
19:17 of 3rd period - Slapshot by Cutter Gauthier.
19:17 of 3rd period - Shot Misses the Net.
19:35 of 3rd period - Snap shot by Cutter Gauthier.
19:35 of 3rd period - Shot Hit the Post.
19:37 of 3rd period - Slapshot by Dmitry Orlov.
19:37 of 3rd period - Stopped by Carl Lindbom with a rebound.
19:39 of 3rd period - Slapshot by Dmitry Orlov.
19:39 of 3rd period - Deflect By Cutter Gauthier.
19:39 of 3rd period - Stopped by Carl Lindbom without a rebound.
19:40 of 3rd period - Benoit Groulx call a timeout for Los Angeles Kings.
19:40 of 3rd period - Cole Sillinger wins face-off versus Evander Kane in Los Angeles Kings zone.
19:49 of 3rd period - Los Angeles Kings, Carl Lindbom is pulled from the net.
19:54 of 3rd period - Off-side.
19:55 of 3rd period - Cole Sillinger wins face-off versus Evander Kane in neutral zone.
Goals for this period are 1 for Los Angeles Kings vs 1 for Detroit Red Wings.
Shots for this period are 11 for Los Angeles Kings vs 10 for Detroit Red Wings.